Map: Primeval Wilds

Players

Bear

  • Race: Protoss Protoss
  • Spawn Location: 12:00

RoadWarrior

  • Race: Zerg Zerg
  • Spawn Location: 12:00

Infamous

  • Race: Protoss Protoss
  • League: Silver
  • Spawn Location: 3:00

Hawk

  • Race: Zerg Zerg
  • Spawn Location: 9:00

ivasty

  • Race: Zerg Zerg
  • Spawn Location: 6:00

War

  • Race: Zerg Zerg
  • Spawn Location: 5:00

AcHiLeSs

  • Race: Terran Terran
  • League: Master
  • Spawn Location: 7:00

Computer

  • Race: Protoss Protoss
  • Spawn Location: 6:00

VOD

Have the link to the VOD?

Description

Time

  • Played on: March 15, 2018, 12:57 p.m.
  • Length: 15:56
Show
View Real Time Build Order
Export as new Build Order

Bear Protoss 

Build Orders: Double Forge 

Get SALT Encoding   

  12  0:24  Probe  
  13  0:31  Pylon  
  13  0:36  Probe  
  14  0:46  Assimilator  
  14  0:48  Probe  
  15  0:55  Gateway  
  15  0:59  Forge  
  15  1:00  Probe (Chrono Boost)  
  16  1:12  Probe (Chrono Boost)  
  16  1:15  Pylon  
  17  1:20  Probe  
  18  1:40  Photon Cannon  
  18  1:43  Assimilator  
  18  1:50  Probe (Chrono Boost), Cybernetics Core  
  19  2:09  Forge  
  19  2:13  Cybernetics Core  
  19  2:16  Probe (Chrono Boost)  
  20  2:26  Probe (Chrono Boost)  
  21  2:31  Probe (Chrono Boost)  
  22  2:42  Probe  
  23  2:45  Stargate  
  23  2:54  Probe  
  24  3:06  Probe  
  24  3:09  Zealot  
  27  3:18  Probe  
  28  3:39  Nexus  
  28  3:46  Assimilator  
  28  3:47  Assimilator  
  28  3:59  Probe  
  29  4:04  Protoss Air Weapons Level 1  
  29  4:11  Probe  
  29  4:14  Protoss Ground Weapons Level 1  
  30  4:23  Probe  
  29  4:44  Protoss Air Armor Level 1  
  29  4:50  Pylon  
  29  4:54  Photon Cannon  
  29  4:56  Photon Cannon  
  29  5:02  Void Ray (Chrono Boost)  
  33  5:22  Pylon  
  33  5:25  Protoss Shields Level 1  
  33  5:26  Photon Cannon  
  33  5:35  Pylon, Zealot  
  35  5:38  Probe (Chrono Boost)  
  37  5:43  Probe (Chrono Boost)  
  37  5:51  Probe (Chrono Boost)  
  37  5:53  Probe (Chrono Boost)  
  39  6:00  Probe  
  39  6:04  Probe  
  41  6:23  Twilight Council  
  41  6:26  Pylon  
  41  6:35  Pylon  
  41  6:37  Stargate  
  41  6:40  Stargate  
  41  6:48  Stargate  
  41  6:51  Stargate  
  41  7:10  Void Ray (Chrono Boost)  
  45  7:17  Charge  
  39  7:40  Void Ray (Chrono Boost)  
  39  7:41  Void Ray x2 (Chrono Boost)  
  51  7:51  Void Ray (Chrono Boost)  
  59  8:00  Void Ray (Chrono Boost)  
  67  8:14  Void Ray x2 (Chrono Boost)  
  67  8:40  Void Ray  
  69  8:43  Void Ray  
  69  8:46  Void Ray  
  65  9:10  Pylon x2  
  65  9:12  Pylon  
  65  9:25  Fleet Beacon  
  65  9:28  Forge  
  65  9:45  Gateway  
  65  9:46  Pylon  
  65  9:52  Void Ray  
  65  11:10  Void Ray x5  
  84  11:52  Void Ray  
  88  11:58  Void Ray  
  28  12:53  Graviton Catapult  
  25  13:08  Photon Cannon x2  
  25  13:09  Photon Cannon  
  25  13:11  Photon Cannon  
  25  13:13  Photon Cannon  
  25  13:35  Protoss Shields Level 2  
  25  13:46  Probe x2  
  27  13:58  Probe  
  28  14:15  Carrier  
  34  14:21  Probe (Chrono Boost)  
  35  14:29  Probe (Chrono Boost)  
  29  14:32  Probe (Chrono Boost)  
  35  15:06  Probe x2  
  37  15:18  Probe  
  37  15:19  Probe  
  39  15:40  Probe (Chrono Boost)  
Show
View Real Time Build Order
Export as new Build Order

RoadWarrior Zerg 

Build Orders: Pool First 

Get SALT Encoding   

  12  0:02  Drone  
  13  0:08  Drone  
  14  0:17  Overlord  
  14  0:36  Drone  
  14  0:37  Drone x2  
  17  0:43  Extractor  
  16  0:52  Spawning Pool  
  16  0:53  Drone  
  16  0:59  Drone  
  17  1:10  Drone  
  18  1:27  Drone  
  18  1:32  Extractor  
  18  1:39  Queen  
  20  1:48  Hatchery  
  20  1:49  Drone x2  
  20  1:53  Drone  
  22  2:14  Overlord x2  
  22  2:36  Drone x2  
  24  2:38  Lair  
  24  2:59  Drone x2  
  24  3:00  Drone x2  
  24  3:05  Queen  
  30  3:06  Drone  
  31  3:14  Drone  
  32  3:31  Extractor  
  32  3:33  Extractor  
  30  3:40  Pneumatized Carapace  
  30  3:41  Roach Warren  
  29  3:44  Drone x2  
  29  3:45  Drone, Infestation Pit  
  31  3:48  Drone x2  
  31  3:49  Drone  
  34  4:27  Roach x4  
  34  4:28  Roach  
  44  4:33  Overlord x5  
  36  5:12  Roach x4  
  36  5:13  Roach  
  46  5:16  Drone  
  46  5:17  Drone x4  
  51  5:46  Drone  
  51  5:47  Drone x5  
  57  5:52  Drone x3  
  57  5:55  Hive  
  60  5:58  Roach x3  
  60  6:01  Tunneling Claws  
  66  6:06  Burrow  
  66  6:28  Evolution Chamber  
  66  6:29  Evolution Chamber  
  64  6:49  Overlord x3  
  64  6:50  Overlord  
  64  6:55  Spore Crawler  
  47  7:23  Roach  
  47  7:24  Roach x5  
  47  7:28  Roach x3  
  47  7:29  Roach x2  
  49  8:42  Hatchery  
  48  8:55  Roach x5  
  58  8:58  Queen  
  58  9:31  Ravager  
  58  9:32  Ravager x2  
  58  9:36  Ravager x3  
  58  9:37  Ravager x2  
  66  9:46  Drone x5  
  71  10:22  Queen  
  71  10:23  Roach x3  
  71  10:24  Evolution Chamber x2  
  71  10:25  Evolution Chamber  
  71  10:27  Spine Crawler x2  
  74  11:18  Roach x3  
  74  11:22  Roach x3  
  74  11:34  Roach x3  
  71  11:57  Roach x3  
  71  12:02  Roach x2  
  71  12:03  Roach  
  71  12:06  Roach x3  
  71  12:07  Roach x2  
  87  12:10  Zerg Missile Weapons Level 1  
  87  12:11  Zerg Ground Armor Level 1  
  87  12:55  Drone x5  
  87  12:56  Drone  
  93  13:31  Spine Crawler x2  
  93  13:32  Spine Crawler  
  93  13:34  Spine Crawler  
  89  13:35  Spine Crawler  
  89  13:37  Spine Crawler  
  89  13:39  Roach x5  
  97  13:44  Overlord x5  
  97  13:53  Ravager x7  
  97  13:54  Ravager x4  
  108  14:01  Roach  
  110  14:12  Roach x5  
  107  14:50  Roach x7  
  121  15:02  Drone  
  121  15:03  Drone x5  
  127  15:14  Ravager x4  
  127  15:15  Ravager x4  
  135  15:39  Spine Crawler x2  
  135  15:41  Spine Crawler x2  
  131  15:43  Spine Crawler  
  131  15:44  Spine Crawler  
Show
View Real Time Build Order
Export as new Build Order

Infamous Protoss 

Build Orders:  

Get SALT Encoding   

  12  0:01  Probe  
  13  0:13  Probe  
  14  0:20  Pylon  
  14  0:31  Probe (Chrono Boost)  
  15  0:41  Probe (Chrono Boost), Gateway  
  16  0:46  Probe (Chrono Boost)  
  17  0:55  Assimilator  
  17  0:57  Probe  
  18  1:10  Probe  
  19  1:22  Probe  
  20  1:31  Cybernetics Core  
  20  1:34  Probe  
  21  1:41  Pylon  
  21  1:48  Probe  
  22  2:05  Warp Gate (Chrono Boost)  
  22  2:06  Gateway  
  22  2:12  Probe  
  22  2:14  Assimilator  
  22  2:19  Pylon  
  22  2:20  Zealot  
  24  2:33  Twilight Council  
  24  2:37  Probe  
  25  2:47  Stalker  
  25  2:49  Probe  
  28  3:04  Gateway  
  28  3:05  Forge  
  28  3:10  Shield Battery  
  28  3:26  Probe  
  29  3:41  Templar Archives  
  29  3:47  Probe, Photon Cannon  
  30  3:52  Protoss Ground Weapons Level 1 (Chrono Boost)  
  30  3:59  Probe  
  30  4:00  Stalker  
  30  4:02  Stalker  
  35  4:22  Probe  
  36  4:29  Sentry  
  38  4:38  Pylon  
  38  4:41  Nexus  
  38  4:44  Probe  
  39  4:57  Probe  
  34  5:09  Stalker x2  
  34  5:10  Stalker  
  40  5:19  Probe  
  41  5:34  Stalker x2  
  41  5:35  Stalker  
  47  5:52  Robotics Facility  
  47  5:54  Pylon  
  47  5:56  Probe  
  47  5:57  Probe  
  49  6:11  High Templar  
  49  6:14  Stalker x2  
  55  6:40  Immortal  
  59  6:50  Probe (Chrono Boost)  
  59  6:53  Probe (Chrono Boost)  
  59  6:54  Robotics Facility  
  62  7:01  Probe (Chrono Boost)  
  50  7:38  Zealot x2  
  50  7:39  Zealot  
  50  7:42  Charge (Chrono Boost)  
  58  7:51  Immortal x2  
  58  7:53  Probe  
  58  7:54  Probe  
  60  8:02  Pylon  
  60  8:05  Pylon  
  60  8:07  Assimilator  
  60  8:11  Assimilator  
  60  8:17  Stalker x3  
  62  8:39  Immortal x2 (Chrono Boost), Probe  
  63  8:48  Protoss Ground Armor Level 1 (Chrono Boost)  
  71  9:01  Zealot x3  
  77  9:17  Gateway  
  77  9:20  Probe x2, Gateway  
  77  9:23  Gateway  
  79  9:25  Gateway  
  79  9:39  Stalker  
  79  9:40  Stalker x2  
  85  9:56  Pylon  
  85  10:02  Pylon  
  85  10:10  Probe  
  86  10:14  Probe  
  73  10:28  Forge  
  73  10:31  Zealot x4  
  69  10:39  Zealot  
  69  10:40  Zealot x2  
  61  10:51  Immortal x2  
  69  11:01  Zealot x4  
  69  11:02  Zealot  
  69  11:03  Protoss Ground Weapons Level 2 (Chrono Boost)  
  79  11:17  Probe x2  
  81  11:20  Stalker x2  
  85  11:25  Stalker  
  85  11:26  Stalker x4  
  95  11:35  Protoss Ground Armor Level 2 (Chrono Boost)  
  95  11:48  Stalker x3  
  101  11:58  Pylon  
  101  12:17  Stalker  
  101  12:18  Stalker x3  
  109  12:48  Pylon  
  109  13:06  Immortal x2  
  90  13:35  Stalker x5  
  90  13:36  Stalker  
  98  13:45  Observer x2  
  78  14:47  Probe (Chrono Boost)  
  78  14:50  Zealot x2  
  78  14:51  Zealot x2  
  87  15:33  Probe  
  18  15:46  Pylon  
  18  15:49  Pylon  
  9  15:52  Pylon  
Show
View Real Time Build Order
Export as new Build Order

Hawk Zerg 

Build Orders: Hatch First 

Get SALT Encoding   

  12  0:01  Drone  
  13  0:15  Overlord  
  13  0:20  Drone  
  14  0:33  Drone  
  14  0:34  Drone  
  16  0:37  Drone  
  17  0:56  Hatchery  
  16  1:13  Spawning Pool  
  16  1:15  Drone  
  16  1:18  Drone  
  16  1:23  Drone  
  18  1:27  Drone  
  18  1:29  Extractor  
  18  1:36  Drone  
  19  1:48  Overlord  
  19  1:59  Drone  
  20  2:08  Queen  
  20  2:10  Drone x2  
  24  2:24  Drone x2  
  24  2:29  Drone  
  27  2:30  Drone  
  28  2:39  Lair  
  28  2:42  Drone x2  
  30  2:45  Queen  
  32  2:56  Drone x2  
  34  3:03  Drone x2  
  36  3:05  Extractor  
  36  3:12  Overlord  
  35  3:14  Drone  
  35  3:18  Evolution Chamber  
  35  3:21  Drone  
  35  3:23  Extractor  
  35  3:34  Drone x4  
  39  3:44  Drone, Hydralisk Den, Zerg Missile Weapons Level 1  
  39  3:46  Overlord  
  39  3:47  Drone  
  40  3:50  Extractor  
  39  3:56  Drone x3  
  39  3:59  Overlord  
  39  4:00  Overlord  
  39  4:01  Drone x2  
  44  4:16  Overlord x2  
  44  4:21  Hydralisk x2  
  48  4:28  Hydralisk x2  
  52  4:32  Hydralisk  
  52  4:37  Hydralisk  
  56  4:43  Zergling x8  
  47  5:16  Drone  
  47  5:17  Drone x2  
  47  5:21  Hydralisk Den  
  49  5:33  Drone x6  
  54  5:40  Zerg Ground Armor Level 1  
  54  5:46  Drone x2  
  56  5:56  Muscular Augments  
  56  6:02  Queen  
  54  6:12  Hydralisk x3  
  54  6:13  Hydralisk x4  
  68  6:22  Hydralisk x3  
  74  6:29  Hydralisk  
  76  6:44  Overlord x3  
  68  7:08  Hydralisk x2  
  68  7:09  Hydralisk x5  
  18  10:54  Zergling x6  
  21  11:09  Queen  
  23  11:12  Drone  
  2  12:41  Queen  
  2  12:43  Drone x3  
  7  13:11  Spine Crawler  
  7  13:12  Spine Crawler x2  
  4  13:14  Zergling x4  
Show
View Real Time Build Order
Export as new Build Order

ivasty Zerg 

Build Orders: Pool First, Lurkers 

Get SALT Encoding   

  12  0:49  Spawning Pool  
  11  0:50  Hatchery  
  10  1:03  Drone, Overlord  
  11  1:04  Drone  
  12  1:25  Extractor  
  11  1:39  Queen  
  13  1:40  Zergling x6  
  16  1:56  Spine Crawler  
  16  2:00  Spore Crawler  
  14  2:12  Zergling x4  
  16  2:26  Drone x2  
  18  2:31  Drone x2  
  20  2:51  Extractor  
  19  2:54  Zergling x8  
  23  3:28  Drone x3  
  26  3:44  Metabolic Boost  
  26  3:48  Drone x2  
  26  3:51  Overlord  
  28  4:08  Overlord  
  28  4:09  Queen  
  30  4:16  Overlord  
  30  4:22  Extractor  
  29  4:24  Drone  
  29  4:25  Extractor  
  29  4:30  Drone  
  30  5:06  Zergling x14  
  30  5:07  Zergling x2  
  38  5:15  Evolution Chamber  
  38  5:19  Drone  
  29  5:57  Lair  
  29  5:58  Drone x2  
  29  5:59  Drone x2  
  29  6:04  Drone  
  31  6:23  Zergling x6  
  34  6:29  Drone x3  
  37  7:02  Zerg Melee Weapons Level 1  
  37  7:05  Drone x4  
  36  7:44  Zergling x10  
  36  7:45  Zergling x6  
  44  7:52  Zergling x6  
  44  7:53  Zergling x8  
  51  8:14  Overlord x2  
  51  8:22  Overlord  
  51  8:23  Overlord  
  38  8:56  Zerg Missile Weapons Level 1  
  33  9:11  Zergling x14  
  40  9:19  Spine Crawler  
  40  9:21  Overseer x2  
  40  9:23  Spore Crawler  
  38  9:29  Spore Crawler, Zergling x10  
  38  9:30  Zergling x4  
  44  10:02  Infestation Pit  
  44  10:03  Hatchery  
  44  10:04  Drone x3  
  44  10:05  Drone x3, Hydralisk Den  
  47  10:20  Zergling x2  
  47  10:21  Spore Crawler, Zergling x8  
  51  10:31  Hatchery  
  50  10:50  Zerg Ground Armor Level 1, Zergling x8  
  50  10:51  Zergling x2  
  50  10:54  Zergling x8  
  40  11:22  Infestation Pit  
  40  11:24  Zergling x12  
  45  11:30  Drone x7  
  52  11:34  Drone  
  53  11:47  Spore Crawler  
  53  11:51  Spore Crawler  
  53  11:52  Spore Crawler  
  50  11:59  Hydralisk x2  
  50  12:10  Spore Crawler  
  41  12:36  Hydralisk x3  
  42  12:44  Zerg Melee Weapons Level 2  
  42  12:46  Queen  
  42  12:47  Zergling x4  
  42  12:48  Zergling x8  
  50  12:52  Queen  
  50  12:56  Queen  
  54  13:06  Zergling x4  
  54  13:08  Lurker Den  
  55  13:15  Zergling x2  
  55  13:17  Zergling x2  
  54  13:21  Queen  
  55  13:32  Queen  
  56  13:45  Zergling x6  
  56  13:47  Zergling x6  
  62  13:51  Zergling x6  
  62  14:23  Zergling x6  
  64  14:25  Zergling x6  
  64  14:26  Zergling x6  
  64  14:31  Drone x3  
  63  14:42  Lurker  
  63  14:43  Lurker x4  
  68  14:59  Drone x3  
Show
View Real Time Build Order
Export as new Build Order

War Zerg 

Build Orders: Hatch First 

Get SALT Encoding   

  12  0:02  Drone  
  13  0:10  Drone  
  14  0:39  Hatchery  
  13  0:49  Drone  
  14  1:02  Spawning Pool  
  13  1:08  Drone  
  14  1:12  Overlord  
  14  1:32  Drone x3  
  17  1:46  Drone  
  18  1:52  Extractor  
  17  2:00  Queen  
  19  2:01  Drone  
  19  2:03  Drone  
  19  2:04  Drone  
  22  2:10  Queen  
  24  2:19  Drone x2  
  26  2:27  Overlord  
  26  2:33  Overlord  
  26  2:39  Drone  
  27  2:55  Drone x2  
  29  2:58  Drone x2  
  29  2:59  Drone  
  32  3:16  Extractor  
  31  3:20  Drone x3  
  31  3:22  Queen  
  31  3:24  Queen  
  31  3:25  Zergling x2  
  31  3:26  Zergling x10  
  44  3:31  Overlord  
  44  3:35  Metabolic Boost  
  44  4:02  Queen  
  44  4:04  Zergling x10  
  51  4:11  Spore Crawler  
  51  4:15  Spore Crawler  
  51  4:16  Drone  
  50  4:22  Drone x2  
  50  4:23  Overlord  
  50  4:24  Overlord  
  52  4:33  Overlord x2  
  52  4:59  Evolution Chamber  
  47  5:00  Drone x2  
  47  5:04  Evolution Chamber  
  41  5:24  Zergling x10  
  41  5:25  Zergling x10  
  41  5:26  Zergling x6  
  54  5:33  Extractor  
  53  5:36  Extractor, Hatchery  
  51  5:49  Zerg Melee Weapons Level 1  
  51  5:50  Zerg Ground Armor Level 1  
  51  5:53  Lair  
  51  5:58  Drone  
  51  5:59  Drone x2  
  51  6:01  Drone  
  51  6:02  Drone  
  51  6:04  Drone  
  57  6:27  Overlord  
  57  6:34  Drone x3  
  57  6:35  Drone x4  
  64  6:56  Drone  
  64  6:57  Queen  
  64  7:00  Drone  
  64  7:01  Drone x6  
  71  7:02  Drone x3  
  77  7:13  Drone x2  
  76  7:38  Zergling x2  
  76  7:39  Zergling x12  
  76  7:40  Zergling x10  
  76  7:41  Zergling x4  
  80  7:48  Extractor  
  80  7:49  Extractor  
  80  7:51  Queen  
  80  7:53  Drone  
  80  7:54  Drone x2  
  80  7:57  Drone x2  
  80  7:58  Drone  
  86  8:01  Drone x3  
  86  8:13  Zergling x10  
  80  8:34  Hatchery  
  79  8:36  Hatchery  
  79  8:38  Zergling x2  
  79  8:39  Zergling x8  
  79  8:40  Zergling x8  
  87  8:51  Overlord x3  
  87  9:00  Zerg Melee Weapons Level 2  
  87  9:10  Zergling x8  
  87  9:11  Zergling x10  
  87  9:12  Zergling x4  
  98  9:19  Infestation Pit  
  98  9:23  Overlord  
  98  9:24  Overlord x3  
  97  9:49  Zergling x2  
  97  9:50  Zergling x10  
  97  9:51  Zergling x10, Hatchery  
  97  9:52  Zergling x4  
  109  10:09  Hatchery  
  109  10:13  Hatchery  
  80  10:31  Zergling x4  
  80  10:32  Zergling x12  
  80  10:33  Zergling x10  
  80  10:34  Zergling x12  
  80  10:35  Zergling x6  
  42  11:53  Zergling x4  
  42  11:54  Zergling x10  
  30  11:55  Zergling x10  
  30  11:56  Zergling x12  
  30  11:57  Zergling x10  
  30  11:58  Zergling x6  
  50  12:04  Drone x3  
  50  12:08  Drone x3  
  30  13:47  Drone x3  
  32  13:50  Drone x2  
  32  13:51  Drone x6  
  32  13:52  Drone x2  
  37  13:57  Zergling x6  
  37  13:58  Zergling x12  
  46  14:04  Zergling x4  
  46  14:05  Zergling x10  
  53  14:11  Hatchery  
  53  14:15  Extractor  
  52  14:17  Drone  
  52  14:20  Drone  
  53  14:27  Zergling x6  
  53  14:28  Zergling x12  
  62  14:54  Zergling x10  
  62  14:55  Zergling x10  
  62  14:56  Zergling x2  
  73  15:11  Hatchery  
Show
View Real Time Build Order
Export as new Build Order

AcHiLeSs Terran 

Build Orders: Cyclone Opening, Mech 

Get SALT Encoding   

  12  0:01  SCV  
  13  0:13  SCV  
  14  0:26  Supply Depot  
  14  0:30  Refinery  
  14  0:35  Refinery  
  14  0:39  SCV  
  15  0:57  Barracks  
  15  1:02  SCV  
  16  1:14  SCV  
  17  1:26  SCV  
  18  1:38  SCV  
  19  1:48  Barracks Reactor  
  19  1:49  Factory  
  19  1:52  SCV  
  20  1:59  Supply Depot  
  20  2:04  SCV  
  21  2:18  Orbital Command  
  21  2:42  Cyclone x2  
  27  2:52  Supply Depot  
  27  2:59  SCV  
  28  3:14  Cyclone x2  
  34  3:22  Supply Depot  
  34  3:38  SCV  
  35  3:46  Cyclone x2  
  41  3:54  SCV  
  42  3:58  Supply Depot  
  42  4:21  SCV  
  42  4:22  Cyclone x2  
  49  4:54  Cyclone  
  51  5:06  Cyclone  
  47  5:13  Command Center  
  44  5:18  SCV  
  44  5:21  Barracks Tech Lab  
  45  5:25  Factory  
  45  5:30  SCV  
  45  5:33  Cyclone  
  49  5:46  SCV  
  50  5:52  Supply Depot  
  50  5:58  SCV, Armory  
  51  6:19  SCV  
  51  6:22  Cyclone x2  
  51  6:24  Siege Tank  
  61  6:31  Engineering Bay  
  61  6:35  SCV  
  62  6:40  SCV  
  62  6:46  Supply Depot  
  63  6:51  SCV  
  64  6:55  SCV  
  64  6:57  Siege Tank  
  68  7:08  Terran Vehicle Weapons Level 1  
  68  7:12  Orbital Command  
  68  7:26  Cyclone  
  68  7:43  Cyclone  
  72  7:51  SCV  
  72  7:53  Thor  
  72  7:55  Factory  
  78  7:58  SCV  
  76  8:09  SCV  
  62  8:17  Cyclone  
  62  8:18  Cyclone  
  59  8:20  SCV  
  59  8:22  Command Center  
  54  8:33  SCV  
  54  8:37  Thor  
  60  8:43  Factory  
  60  8:45  Factory Tech Lab  
  60  8:49  SCV  
  60  8:51  SCV  
  60  8:53  Refinery  
  60  8:55  Refinery  
  62  8:56  Cyclone x2  
  62  9:02  SCV  
  69  9:07  SCV  
  69  9:09  Supply Depot  
  70  9:11  Hi-Sec Auto Tracking  
  70  9:13  Thor  
  76  9:19  Terran Vehicle Weapons Level 2  
  76  9:31  Cyclone  
  76  9:33  SCV  
  76  9:36  SCV  
  81  9:40  SCV  
  82  9:46  Sensor Tower  
  82  9:57  SCV  
  83  10:00  Planetary Fortress  
  83  10:02  Thor x3  
  83  10:03  Refinery, Factory Tech Lab  
  83  10:04  SCV, Refinery  
  84  10:09  Cyclone  
  84  10:10  SCV  
  88  10:19  SCV  
  89  10:23  SCV  
  90  10:32  SCV  
  90  10:35  Thor  
  97  10:37  Command Center, SCV  
  98  10:49  Thor  
  104  10:51  SCV  
  104  10:56  SCV  
  106  11:02  Siege Tank  
  109  11:05  SCV  
  110  11:18  Thor  
  116  11:24  Starport  
  116  11:27  SCV  
  116  11:29  SCV  
  118  11:33  Thor  
  124  11:43  Terran Vehicle And Ship Armor Level 1  
  124  11:46  Supply Depot  
  124  11:47  Supply Depot, Siege Tank  
  127  11:59  SCV  
  128  12:06  Thor  
  134  12:09  SCV  
  111  12:30  Thor  
  105  12:42  Thor  
  111  12:49  SCV, Thor  
  118  12:52  Starport Reactor  
  118  13:05  Sensor Tower  
  118  13:13  Thor  
  118  13:15  Supply Depot  
  118  13:19  Armory  
  97  13:37  Siege Tank x2  
  84  13:56  Siege Tank  
  87  14:09  Siege Tank  
  90  14:13  Siege Tank  
  93  14:28  Siege Tank  
  96  14:34  SCV  
  97  14:41  Siege Tank, Liberator  
  97  14:44  Thor  
  97  14:45  SCV  
  107  14:49  SCV  
  108  14:54  Command Center  
  111  15:00  Siege Tank  
  111  15:01  SCV  
  115  15:15  SCV  
  115  15:16  Command Center  
  115  15:17  Siege Tank  
  115  15:19  SCV  
  120  15:27  SCV  
Show
View Real Time Build Order
Export as new Build Order

Computer Protoss 

Build Orders:  

Get SALT Encoding   

  12  0:10  Probe  
  13  0:22  Probe  
  14  0:33  Pylon  
  14  0:57  Forge  
  14  1:14  Pylon  
  14  1:35  Assimilator  
  14  1:38  Photon Cannon  
  14  1:43  Assimilator  
  14  1:57  Nexus  
  14  2:08  Pylon  
  14  2:10  Probe (Chrono Boost)  
  15  2:20  Probe (Chrono Boost)  
  16  2:25  Probe (Chrono Boost)  
  16  2:28  Gateway  
  17  2:33  Pylon  
  17  2:36  Probe  
  18  2:48  Probe  
  19  3:14  Photon Cannon  
  19  3:17  Probe  
  20  3:28  Photon Cannon  
  20  3:32  Probe (Chrono Boost)  
  20  3:33  Probe (Chrono Boost)  
  22  3:44  Probe (Chrono Boost)  
  22  3:46  Probe (Chrono Boost)  
  24  3:50  Probe (Chrono Boost)  
  24  3:53  Probe (Chrono Boost)  
  27  4:04  Probe (Chrono Boost)  
  27  4:09  Probe (Chrono Boost)  
  28  4:17  Nexus  
  28  4:20  Probe  
  28  4:23  Pylon  
  29  4:30  Pylon  
  29  4:32  Probe  
  30  4:44  Probe (Chrono Boost)  
  31  4:56  Probe (Chrono Boost)  
  32  5:02  Probe (Chrono Boost)  
  33  5:20  Photon Cannon  
  33  5:22  Photon Cannon  
  33  5:25  Photon Cannon  
  33  5:27  Photon Cannon  
  33  5:28  Photon Cannon  
  33  5:33  Cybernetics Core  
  33  5:37  Pylon  
  33  5:41  Probe (Chrono Boost)  
  34  5:51  Probe (Chrono Boost), Assimilator  
  34  5:55  Assimilator  
  34  5:56  Probe (Chrono Boost)  
  35  5:57  Pylon  
  36  6:07  Probe  
  37  6:30  Shield Battery  
  37  6:35  Shield Battery  
  37  6:37  Shield Battery  
  37  6:39  Shield Battery  
  34  6:41  Photon Cannon  
  34  6:43  Photon Cannon  
  34  6:45  Photon Cannon  
  33  6:56  Probe  
  34  7:08  Probe  
  35  7:11  Shield Battery  
  35  7:17  Photon Cannon  
  35  7:20  Probe  
  36  7:23  Pylon  
  36  7:32  Probe (Chrono Boost)  
  38  7:38  Probe (Chrono Boost)  
  38  7:42  Probe (Chrono Boost)  
  39  7:47  Probe (Chrono Boost)  
  40  8:38  Stargate  
  40  8:41  Stargate  
  40  8:43  Stargate  
  40  8:47  Stargate  
  40  8:48  Protoss Shields Level 1 (Chrono Boost)  
  40  8:52  Pylon  
  40  8:55  Pylon  
  40  8:57  Pylon  
  40  8:59  Pylon  
  40  9:01  Pylon  
  40  9:13  Pylon  
  40  9:22  Photon Cannon  
  40  9:25  Cybernetics Core, Protoss Air Weapons Level 1  
  40  9:33  Fleet Beacon  
  40  9:39  Assimilator  
  40  9:42  Assimilator  
  40  9:51  Probe (Chrono Boost)  
  41  10:01  Probe (Chrono Boost)  
  41  10:02  Photon Cannon  
  41  10:03  Photon Cannon  
  41  10:05  Photon Cannon  
  41  10:06  Probe (Chrono Boost), Photon Cannon  
  42  10:08  Pylon  
  42  10:11  Void Ray x4  
  59  10:24  Protoss Air Armor Level 1  
  59  10:43  Photon Cannon  
  59  10:49  Pylon  
  59  10:56  Pylon  
  57  11:13  Void Ray x2  
  57  11:14  Void Ray  
  68  11:35  Void Ray  
  72  11:56  Void Ray  
  76  12:05  Photon Cannon  
  76  12:06  Photon Cannon  
  76  12:08  Void Ray  
  76  12:09  Photon Cannon, Void Ray  
  76  12:11  Pylon  
  76  12:12  Pylon  
  76  12:15  Pylon  
  84  12:21  Pylon  
  84  12:27  Void Ray  
  88  13:19  Void Ray x3  
  96  13:20  Void Ray  
  104  14:16  Void Ray x2  
  104  14:17  Void Ray x2  
  88  14:59  Void Ray x2  
  96  15:08  Void Ray  
Tags
 
Add a new tag
Caveats
  • Supply blocks, unpowered buildings, or Contaminate may cause inaccurate times.
  • Supply counts are checked every 10 seconds.